woodfighter, chaotic female elven Rogue ----- |....# ------ ##-...|# |....| # |..^|# |....| ### |....## |....| # |.^.|# .....| # |...| |....| # --.-- ---|-- # # ## # # # # # [ # # ### ############# # # # --------- # -------# # ## # ## |}.;.}.o. #..*....|# ### ----.-----# -----.- |};...d}| # ......|# # |......*.-# |.....+ |....)}.| ##+ .....|# ##.........| |.....| |.....d}| # .....|# |........| |.>...| ----..}@.f#Y########### --...|# ---------- ------- ------ ---- woodfighter the Rogue Experience level: 6 Strength: 16 Dexterity: 19 Constitution: 12 Intelligence: 8 Wisdom: 12 Charisma: 9 Health: 0(44) Energy: 29(29) Def: 3 Gold: 613 Moves: 3445 Dungeon seed: Ikd2nzKQoSBktA5s Game ID: woodfighter_1515885224 Your Inventory: Coins $ - 613 gold pieces Amulets N - an uncursed amulet of reflection Weapons a - a +0 elven short sword (weapon in hand) b - 11 +0 elven daggers (in quiver) H - a cursed -1 elven dagger Armor e - an uncursed +1 leather armor (being worn) n - an uncursed +0 cloak of protection q - an uncursed +0 dwarvish cloak r - an uncursed +1 pair of iron shoes z - an uncursed +0 dwarvish cloak Y - an uncursed +0 orcish helm Comestibles k - an uncursed pear l - 2 uncursed food rations m - an uncursed magic bean o - an uncursed tripe ration B - an uncursed fortune cookie Z - an uncursed lizard corpse Scrolls E - an uncursed scroll of teleportation Spellbooks K - an uncursed spellbook of charm monster Potions t - 2 uncursed potions of hallucination u - a blessed potion of hallucination X - an uncursed potion of water Rings P - a blessed +1 ring of gain strength Wands w - a wand of striking (0:6) D - a wand of light (0:12) Tools g - an uncursed blindfold y - an uncursed lock pick M - an uncursed skeleton key Spells and supernatural/magical abilities: Name Level Category Fail Memory W - pray for help -- divine ? -- Your skills at the end: Miscellaneous Skills wands [Basic] Weapon Skills dagger [Basic] short sword [Basic] Spellcasting Skills Final Attributes: You were piously aligned. You were sleep resistant. You were telepathic. You had infravision. You were stealthy. You are dead. Vanquished creatures: a flaming sphere a wolf a lizard a gold golem 2 piranhas a dust vortex a Mordor orc 3 Uruk-hai 2 fog clouds a violet fungus a gnomish wizard a straw golem a puppy 3 floating eyes 2 kittens 2 dwarves 3 iguanas a hill orc a rabid rat a jitterbug a giant bat a dwarf zombie a werejackal 3 gas spores 3 hobbits 2 geckos 3 giant rats 4 cave spiders a green mold 2 garter snakes 4 manes a gnome zombie 3 jackals 2 foxes a kobold 5 newts a goblin a sewer rat 10 grid bugs 5 lichens a kobold zombie 85 creatures vanquished. Voluntary challenges: You did not adorn yourself with jewelry or accessories. You did not cause conflict. You were not invisible. You did not have reflection. You were not displaced. You used a wielded weapon 109 times, starting on turn 30. You did not apply a unicorn horn. You did not use plumbed fixtures. You did not drink any magical draughts. You were illiterate. You never genocided any monsters. You never polymorphed an object. You never changed form. You used no wishes. You never split a pudding. You never wrote Elbereth's name. You never violated your personal moral code. Dungeon overview: The Dungeons of Doom: levels 1 to 13 Level 1 a fountain a long staircase Level 2 (vault) an altar to Mog, a fountain stairs to The Gnomish Mines Level 3 a fountain Level 4 Level 5 Level 6 (stash) Level 7 (water) a general store Level 8 many fountains Level 9 Level 12 <- You were here Level 13 The Gnomish Mines: Level 3 stairs to The Dungeons of Doom History has recorded: On T:1 you entered the Dungeons of Doom to retrieve the Amulet of Yendor! On T:35 you reached level 2 of The Dungeons of Doom. On T:474 you reached level 3 of The Dungeons of Doom. On T:505 you reached level 1 of The Gnomish Mines. On T:588 you advanced to experience level 2. On T:884 you advanced to experience level 3. On T:1036 you reached level 4 of The Dungeons of Doom. On T:1507 you reached level 5 of The Dungeons of Doom. On T:1636 you advanced to experience level 4. On T:1964 you reached level 6 of The Dungeons of Doom. On T:2101 you advanced to experience level 5. On T:2154 you reached level 7 of The Dungeons of Doom. On T:2446 you prayed to Kos. On T:2544 you reached level 8 of The Dungeons of Doom. On T:2766 you advanced to experience level 6. On T:2841 you reached level 9 of The Dungeons of Doom. On T:2923 you prayed to Kos. On T:3173 you reached level 12 of The Dungeons of Doom. On T:3269 you reached level 13 of The Dungeons of Doom. Score breakdown: Gold: 613 ( 61 points) Experience: 6 levels ( 500 points) Exploration: 13 levels ( 360 points) Discoveries: 16 items ( 800 points) Variety of kills: 41 monsters ( 2000 points) Major goal: (nothing yet) ( 0 points) Survival: died (score multiplied by 3) Total score: 11163 Latest messages: You throw 2 elven daggers. The 1st elven dagger hits the piranha! You kill the piranha! b - 4 +0 elven daggers (in quiver). There is a pool of shallow water here. You see here a piranha corpse. You stab the hill orc! The hill orc punches you! You kill the hill orc! b - 3 +0 elven daggers (in quiver). b - 2 +0 elven daggers (in quiver). X - a clear potion. You see here a hill orc corpse. There is a pool of shallow water here. You see here a piranha corpse. You throw 2 elven daggers. The 1st elven dagger hits the wolf. The 2nd elven dagger hits the wolf! You stab the wolf! The wolf bites! You stab the wolf. The wolf bites! You stab the wolf. The wolf bites! You die... Final status: Goodbye woodfighter the Rogue, killed by a wolf... You died in The Dungeons of Doom on dungeon level 12 with 11163 points, and 613 pieces of gold, after 3445 moves. You were level 6 with a maximum of 44 hit points when you died.